 Dungeon Crawl Stone Soup version 0.20.1-1-g8b1a95d (webtiles) character file.

155 Irenicus the Chopper (level 5, -1/45 HPs)
             Began as a Deep Dwarf Skald on Oct 15, 2017.
             Slain by a gnoll
             ... wielding a +0 halberd
              (4 damage)
             ... on level 3 of the Dungeon.
             The game lasted 00:02:51 (706 turns).

Irenicus the Chopper (Deep Dwarf Skald)              Turns: 706, Time: 00:02:52

Health: -1/45      AC:  5    Str: 15    XL:     5   Next: 14%
Magic:  1/7        EV: 12    Int: 13    God:
Gold:   60         SH:  0    Dex: 13    Spells: 6/7 levels left

rFire    . . .     SeeInvis .   a - +0 hand axe
rCold    . . .     Gourm    .   (no shield)
rNeg     . . .     Faith    .   e - +2 leather armour {MR+}
rPois    .         Spirit   .   (no helmet)
rElec    .         Reflect  .   (no cloak)
rCorr    +         Harm     .   (no gloves)
MR       +....                  (no boots)
Stlth    +.........             (no amulet)
Regen    0.0/turn               n - ring of resist corrosion
MPRegen  0.1/turn               (no ring)

@: non-regenerating
A: damage resistance, heal wounds, sense surroundings 1, no regeneration
a: Heal Wounds


You were on level 3 of the Dungeon.
You were not hungry.

You visited 1 branch of the dungeon, and saw 3 of its levels.

You collected 60 gold pieces.

Inventory:

Hand Weapons
 a - a +0 hand axe (weapon)
Armour
 b - a +0 leather armour
 e - a +2 leather armour of magic resistance (worn)
 o - a +0 buckler
Jewellery
 n - a ring of resist corrosion (left hand)
Scrolls
 g - 2 scrolls of identify {unknown}
 h - a scroll of magic mapping {unknown}
 i - a scroll of amnesia {unknown}
Potions
 l - a potion of flight {unknown}
 m - a potion of lignification {unknown}
Books
 c - a book of Battle

   Spells                             Type                      Level
   a - Infusion                       Charms                       1
   b - Shroud of Golubria             Charms/Translocation         2
   c - Song of Slaying                Charms                       2
   d - Spectral Weapon                Hexes/Charms                 3
   e - Regeneration                   Charms/Necromancy            3
Comestibles
 d - a bread ration
 f - a royal jelly
 j - 3 fruits


   Skills:
 - Level 1.7 Fighting
 + Level 5.9 Axes
 - Level 1.1 Armour
 - Level 2.1 Dodging
 - Level 1.7 Spellcasting
 - Level 2.6 Charms


You had 6 spell levels left.
You knew the following spells:

 Your Spells              Type           Power        Failure   Level  Hunger
a - Infusion              Chrm           #...         11%         1    ##.....


Dungeon Overview and Level Annotations

Branches:
Dungeon (2/15)

Altars:
Trog


Innate Abilities, Weirdness & Mutations

You are resistant to damage.
You can heal yourself by infusing magical energy.
You passively map a small area around you.
You do not regenerate.


Message History

The gnoll is heavily wounded.
The gnoll hits you with a flail. The gnoll barely misses you.
You hit the gnoll but do no damage.
The gnoll is heavily wounded.
The gnoll misses you.
You barely miss the gnoll.
The gnoll is heavily wounded.
The gnoll misses you.
Your leather armour prevents you from hitting the gnoll.
The gnoll is heavily wounded.
The gnoll barely misses you.
The gnoll hits you from afar with a halberd.
* * * LOW HITPOINT WARNING * * *
You fail to use your ability.
The gnoll hits you with a flail.
* * * LOW HITPOINT WARNING * * *
The gnoll barely misses you.
You fail to use your ability.
The gnoll hits you with a flail!
* * * LOW HITPOINT WARNING * * *
The gnoll hits you from afar with a halberd.
You die...

,, , , , * ##### * ### *
* * ....# ,, ... * ,
###.#, ,* *#.# **, , , ,
#.# , * * , , * , *, #.#
* ,* , #.#, ,
############.###########
...........)gggg@.......
,
#######.##..#######+####*
* # #.........# * #
#.##.####†##**, , * , #
#........gg#* , , , , ,
####..#..#.#.g# ,
..............'[.S... +
####..##...#..#g....., #
#..##..##..##.$..g *


You could see 4 gnolls.

Vanquished Creatures
  The ghost of Frank the Skirmisher, an amateur OpFi (D:3)
  Jessica (D:3)
  A gnoll (D:3)
  An adder (D:3)
  A worm (D:2)
  3 dart slugs (D:1)
  An orc (D:3)
  A giant cockroach (D:1)
  5 hobgoblins
  2 bats (D:1)
  4 frilled lizards
  2 goblins
  4 rats
27 creatures vanquished.

Notes
Turn   | Place    | Note
-------+----------+-------------------------------------------
     0 | D:1      | Irenicus the Deep Dwarf Skald began the quest for the Orb.
     0 | D:1      | Reached XP level 1. HP: 19/19 MP: 3/3
    78 | D:1      | Reached skill level 3 in Axes
   101 | D:1      | Reached XP level 2. HP: 26/26 MP: 4/4
   467 | D:2      | Reached XP level 3. HP: 27/32 MP: 1/5
   518 | D:2      | You fall through a shaft!
   518 | D:3      | Noticed Frank's ghost (amateur OpFi)
   541 | D:3      | Killed Frank's ghost
   541 | D:3      | Reached skill level 5 in Axes
   541 | D:3      | Reached XP level 4. HP: 17/39 MP: 2/6
   583 | D:3      | Noticed Jessica
   588 | D:3      | Killed Jessica
   605 | D:3      | Found a bloodstained altar of Trog.
   685 | D:3      | Reached XP level 5. HP: 19/45 MP: 3/7
   706 | D:3      | Slain by a gnoll

Skill      XL: |  1  2  3 |
---------------+----------+-----
Axes           | 3 5 |  5.9
Fighting       | |  1.7
Armour         | |  1.1
Dodging        | |  2.1
Spellcasting   | |  1.7
Charms         | |  2.6

Action                   |  1- 3 |  4- 6 || total
-------------------------+-------+-------++-------
Melee: Hand axe          |   112 |    24 ||   136
 Cast: Infusion          |     3 |     2 ||     5
 Abil: Heal Wounds       |     1 |       ||     1
  Use: Potion            |     1 |       ||     1
Armor: Leather armour    |    30 |     6 ||    36
Dodge: Dodged            |    74 |    20 ||    94
